 Dungeon Crawl Stone Soup version 0.28-a0-580-ga2639ab843 (webtiles) character file.

Game seed: 9575390263789002502

57 siradein the Digger (level 3, 0/26 HPs)
             Began as a Draconian Earth Elementalist on Oct 3, 2021.
             Killed from afar by Sigmund (6 damage)
             ... with a puff of flame
             ... on level 2 of the Dungeon.
             The game lasted 00:04:10 (1718 turns).

siradein the Digger (Draconian Earth Elementalist)  Turns: 1718, Time: 00:04:11

Health: 0/26       AC:  6    Str: 10    XL:     3   Next: 73%
Magic:  1/6        EV: 12    Int: 16    God:
Gold:   65         SH:  0    Dex: 11    Spells: 6/7 levels left

rFire   . . .      SeeInvis +   e - +0 long sword
rCold   . . .      Faith    .   (no shield)
rNeg    . . .      Spirit   .   (armour unavailable)
rPois   .          Reflect  .   (helmet restricted)
rElec   .          Harm     .   h - +0 cloak
rCorr   .          Rampage  .   (no gloves)
Will    .....                   (no boots)
Stlth   ++........              (no amulet)
HPRegen 0.08/turn               c - ring of see invisible
MPRegen 0.10/turn               (no ring)

@: no status effects
A: AC +5, unfitting armour, cold-blooded
a: no special abilities


You were on level 2 of the Dungeon.
You visited 1 branch of the dungeon, and saw 2 of its levels.

You collected 65 gold pieces.

Inventory:

Hand Weapons
 e - a +0 long sword (weapon)
Missiles
 b - 112 stones
Armour
 h - a +0 cloak (worn)
Jewellery
 c - a ring of see invisible (left hand)
 f - a ring of ice
Scrolls
 a - a scroll of enchant weapon {unknown}
 d - 4 scrolls of identify {unknown}
 g - a scroll of immolation {unknown}


   Skills:
 + Level 2.3 Dodging
 - Level 1.7 Stealth
 + Level 2.6 Spellcasting
 + Level 1.9 Transmutations
 + Level 3.4 Earth Magic


You had 6 spell levels left.
You knew the following spells:

 Your Spells              Type           Power      Damage    Failure   Level
a - Sandblast             Erth           26%        2d8       4%          1

Your spell library contained the following spells:

 Spells                   Type           Power      Damage    Failure   Level
 Passwall                 Tmut/Erth      8%         N/A       10%         2
 Stone Arrow              Conj/Erth      14%        3d7       28%         3
 Portal Projectile        Hex/Tloc       4%         N/A       52%         3
 Petrify                  Tmut/Erth      10%        N/A       54%         4
 Blade Hands              Tmut           4%         N/A       94%         5
 Excruciating Wounds      Necr           1%         N/A       99%         5


Dungeon Overview and Level Annotations

Branches:
Dungeon (2/15)

Altars:

Annotations:
D:2 Sigmund


Innate Abilities, Weirdness & Mutations

Your plain brown scales are hard. (AC +5)
You cannot fit into any form of body armour.
You are cold-blooded and may be slowed by cold attacks.


Message History

Sigmund is nearby!
Aiming: Sandblast (safe; 4% risk of failure)
Press: ? - help, Q - select action, (/) - cycle Shift-Dir - straight line, f - Sigmund
Aim: Sigmund, wielding a +0 scythe and wearing a +0 robe (wandering, hasn't noticed you, 77% to hit)
The blast of sand hits Sigmund.
Sigmund is lightly wounded.
Aiming: Sandblast (safe; 4% risk of failure)
Press: ? - help, Q - select action, (/) - cycle Shift-Dir - straight line, f/p - Sigmund
Aim: Sigmund, wielding a +0 scythe and wearing a +0 robe (lightly wounded, 77% to hit)
The blast of sand hits Sigmund!
Sigmund is heavily wounded.
Sigmund points at you and mumbles some strange words.
The magic dart hits you.
Aiming: Sandblast (safe; 4% risk of failure)
Press: ? - help, Q - select action, (/) - cycle Shift-Dir - straight line, f/p - Sigmund
Aim: Sigmund, wielding a +0 scythe and wearing a +0 robe (heavily wounded, 77% to hit)
The blast of sand hits Sigmund.
Sigmund is heavily wounded.
Sigmund barely misses you.
Aiming: Sandblast (safe; 4% risk of failure)
Press: ? - help, Q - select action, (/) - cycle Shift-Dir - straight line, f/p - Sigmund
Aim: Sigmund, wielding a +0 scythe and wearing a +0 robe (heavily wounded, 77% to hit)
The blast of sand hits Sigmund.
Sigmund is heavily wounded.
Aiming: Sandblast (safe; 4% risk of failure)
Press: ? - help, Q - select action, (/) - cycle Shift-Dir - straight line, f/p - Sigmund
Aim: Sigmund, wielding a +0 scythe and wearing a +0 robe (heavily wounded, 77% to hit)
The blast of sand hits Sigmund!
Sigmund is almost dead.
Sigmund hits you from afar with a +0 scythe.
Aiming: Sandblast (safe; 4% risk of failure)
Press: ? - help, Q - select action, (/) - cycle Shift-Dir - straight line, f/p - Sigmund
Aim: Sigmund, wielding a +0 scythe and wearing a +0 robe (almost dead, 77% to hit)
The blast of sand hits Sigmund.
Sigmund is almost dead.
Sigmund hits you from afar with a +0 scythe!
* * * LOW HITPOINT WARNING * * *
Sigmund casts a spell at you. The puff of flame hits you.
You die...

#..#.........# #.# #.# ##
.....(.....## #.# #.####
...........###.# #...#.
#...#####.....# ###... ##..###
#####.## ##.. ##...### #..# ##.
.#####@...#####..########.
......................(....
..#######.@.####...#..#....
###...##.#.#.......
#######.#.##.#...#...#.
.......................
#######...#..###.#.####
###.............# #
#####...####...##.### ##
#.....###......##..####.
...#######.#######.###...........


You could see Sigmund.

Vanquished Creatures
  An adder (D:2)
  2 worms (D:2)
  A dart slug (D:1)
  An orc (D:2)
  4 ball pythons
  3 endoplasms
  4 goblins
  A hobgoblin (D:1)
  3 kobolds
  2 quokkas (D:1)
  11 bats
  4 frilled lizards
  5 rats
42 creatures vanquished.

Notes
Turn   | Place    | Note
-------+----------+-------------------------------------------
     0 | D:1      | siradein the Draconian Earth Elementalist began the quest
                  | for the Orb.
     0 | D:1      | Reached XP level 1. HP: 14/14 MP: 3/3
   317 | D:1      | Reached XP level 2. HP: 20/20 MP: 1/5
   972 | D:2      | Noticed Sigmund
  1025 | D:2      | Reached XP level 3. HP: 12/26 MP: 6/6
  1718 | D:2      | Killed from afar by Sigmund

Illustrated notes

Levels and vault maps discovered:
D:1:      wander_arrival_desolate, layout_rooms
D:2:      layout_rooms, uniq_sigmund

Skill      XL: |  1 |
---------------+----+-----
Dodging        | 2 |  2.3
Stealth        | |  1.7
Spellcasting   | |  2.6
Transmutations | |  1.9
Earth Magic    | |  3.4

Action                   || total
-------------------------++-------
Melee: Long sword        ||    80
       Tailslap          ||     7
 Cast: Sandblast         ||    35
 Stab: Sleeping          ||     2
       Distracted        ||     1
Armor: Skin              ||    55
Dodge: Dodged            ||    96

Table legend: (Time is in decaauts)
 A = Elapsed time spent in this place.
 B = Non-inter-level travel time spent in this place.
 C = Inter-level travel time spent in this place.
 D = Time resting spent in this place.
 E = Time spent auto-exploring this place.
 F = Levels seen in this place.
 G = Mean time per level.
                   A        B        C        D        E       F      G
               +--------+--------+--------+--------+--------+-----+--------+
         Total |   1750 |   1729 |     21 |    194 |   1026 |   2 |  875.0 |
       Dungeon |   1750 |   1729 |     21 |    194 |   1026 |   2 |  875.0 |
               +--------+--------+--------+--------+--------+-----+--------+

Top non-repeatable levels by time:
     D:1: 1087 daAuts
     D:2: 663 daAuts
